SL
RICHARDSON CITY THUNDERCATS @ VANCOUVER GREY WOLVES
08/28/2020
 
TOP OF THE 1ST
Richardson City Thundercats batting - Pitching for Vancouver Grey Wolves : RHP Michael Battle
Pitching: RHP Michael Battle
Batting: SHB Leonard O'Connor 0-0: Foul Ball, location: 2F
0-1: Called Strike
0-2: Ball
1-2: SINGLE (Line Drive, 7S)
Batting: RHB Steve Dunn 0-0: Ball
1-0: Ball
2-0: Ball
3-0: Called Strike
3-1: Foul Ball, location: 2F
3-2: Fly out, F7 (Flyball, 7D)
Batting: RHB Ray Porch 0-0: Ball
1-0: Ball
2-0: Grounds into double play, 4-6-3 (Groundball, 4)
Top of the 1st over - 0 run(s), 1 hit(s), 0 error(s), 0 left on base; Richardson City 0 - Vancouver 0
BOTTOM OF THE 1ST
Vancouver Grey Wolves batting - Pitching for Richardson City Thundercats : LHP Javier Ramírez
Pitching: LHP Javier Ramírez
Batting: SHB Gregg Wagner 0-0: Foul Ball, location: 2F
0-1: Called Strike
0-2: Ball
1-2: Strikes out swinging
Batting: RHB John Huff 0-0: Foul Ball, location: 2F
0-1: Ball
1-1: Foul Ball, location: 2F
1-2: Foul Ball, location: 2F
1-2: Ball
2-2: Ball
3-2: Base on Balls
Batting: RHB Jian-zhang Phan 0-0: Foul Ball, location: 2F
0-1: Ball
1-1: Grounds into double play, 5-4-3 (Groundball, 56)
Bottom of the 1st over - 0 run(s), 0 hit(s), 0 error(s), 0 left on base; Richardson City 0 - Vancouver 0
TOP OF THE 2ND
Richardson City Thundercats batting - Pitching for Vancouver Grey Wolves : RHP Michael Battle
Batting: LHB Terrence Eler 0-0: Ball
1-0: Ground out 5-3 (Groundball, 5S)
Batting: RHB Joey Jones 0-0: Ball
1-0: Called Strike
1-1: Ball
2-1: SOLO HOME RUN (Flyball, 78XD), Distance : 383 ft
Batting: RHB Ron Ward 0-0: Swinging Strike
0-1: Called Strike
0-2: Fly out, F1 (Line Drive, 13)
Batting: LHB Jack Schmitt 0-0: Ball
1-0: Ball
2-0: SOLO HOME RUN (Flyball, 9D), Distance : 341 ft
Batting: LHB Javier Ramírez 0-0: Called Strike
0-1: Ball
1-1: SINGLE (Groundball, 4MD) (infield hit)
Batting: RHB Spencer Curry 0-0: Ball
1-0: Ball
2-0: Ball
3-0: Called Strike
3-1: Foul Ball, location: 2F
3-2: Base on Balls
Javier Ramírez to second
Batting: SHB Leonard O'Connor 0-0: Called Strike
0-1: Ball
1-1: Foul Ball, location: 2F
1-2: Ground out 4-3 (Groundball, 4)
Top of the 2nd over - 2 run(s), 3 hit(s), 0 error(s), 2 left on base; Richardson City 2 - Vancouver 0
BOTTOM OF THE 2ND
Vancouver Grey Wolves batting - Pitching for Richardson City Thundercats : LHP Javier Ramírez
Batting: RHB Luis Muńóz 0-0: Ball
1-0: Foul Ball, location: 2F
1-1: Called Strike
1-2: Ball
2-2: Strikes out looking
Batting: LHB Tony Reynolds 0-0: Ground out 6-3 (Groundball, 6)
Batting: RHB Edmund Gallagher 0-0: Called Strike
0-1: Foul Ball, location: 2F
0-2: Ball
1-2: SINGLE (Line Drive, 6MD)
Batting: RHB Greg Robinson 0-0: Swinging Strike
0-1: Called Strike
0-2: Foul Ball, location: 2F
0-2: Strikes out swinging
Bottom of the 2nd over - 0 run(s), 1 hit(s), 0 error(s), 1 left on base; Richardson City 2 - Vancouver 0
TOP OF THE 3RD
Richardson City Thundercats batting - Pitching for Vancouver Grey Wolves : RHP Michael Battle
Batting: RHB Steve Dunn 0-0: Ball
1-0: Foul Ball, location: 2F
1-1: Ball
2-1: Ball
3-1: Swinging Strike
3-2: Base on Balls
Batting: RHB Ray Porch 0-0: Ball
1-0: Ball
Wild Pitch!
Steve Dunn to second
2-0: Ball
3-0: Base on Balls
Batting: LHB Terrence Eler 0-0: Ball
1-0: Swinging Strike
1-1: Swinging Strike
1-2: Strikes out looking
Batting: RHB Joey Jones 0-0: SINGLE (Groundball, 6MD)
Steve Dunn to third
Ray Porch to second
Runner from 3rd tries for Home, SAFE, throw made home
Batting: RHB Ron Ward 0-0: Called Strike
0-1: Called Strike
0-2: Ball
1-2: Strikes out swinging
Batting: LHB Jack Schmitt 0-0: Ball
1-0: Called Strike
1-1: Ball
2-1: Ball
3-1: Base on Balls
Ray Porch to third
Joey Jones to second
Batting: LHB Javier Ramírez 0-0: DOUBLE (Line Drive, 7LM)
Ray Porch scores
Joey Jones scores
Jack Schmitt to third
Runner from 3rd tries for Home, SAFE, no throw or cutoff
Pitching: RHP Nick Taylor
Batting: RHB Spencer Curry 0-0: Foul Ball, location: 2F
0-1: Called Strike
0-2: Ball
1-2: Ball
2-2: Ball
3-2: Strikes out swinging
Top of the 3rd over - 4 run(s), 2 hit(s), 0 error(s), 1 left on base; Richardson City 6 - Vancouver 0
BOTTOM OF THE 3RD
Vancouver Grey Wolves batting - Pitching for Richardson City Thundercats : LHP Javier Ramírez
Batting: RHB Nick Taylor 0-0: Called Strike
0-1: Foul Ball, location: 2F
0-2: Ball
1-2: SINGLE (Line Drive, 9LS)
Batting: LHB David Hubbard 0-0: Ball
1-0: Grounds out, U3 (Groundball, 3L)
Batting: SHB Gregg Wagner 0-0: Swinging Strike
0-1: SINGLE (Groundball, 6MD) (infield hit)
Nick Taylor to third
Batting: RHB John Huff 0-0: Swinging Strike
0-1: Ball
1-1: Called Strike
1-2: Foul Ball, location: 2F
1-2: Ball
2-2: Fly out, F9 (Flyball, 9LMF)
Batting: RHB Jian-zhang Phan 0-0: Called Strike
0-1: Ball
1-1: Called Strike
1-2: Foul Ball, location: 2F
1-2: Ball
2-2: Strikes out looking
Bottom of the 3rd over - 0 run(s), 2 hit(s), 0 error(s), 2 left on base; Richardson City 6 - Vancouver 0
TOP OF THE 4TH
Richardson City Thundercats batting - Pitching for Vancouver Grey Wolves : RHP Nick Taylor
Batting: SHB Leonard O'Connor 0-0: Ball
1-0: Ball
2-0: Called Strike
2-1: Ball
3-1: Base on Balls
Batting: RHB Steve Dunn 0-0: Ball
1-0: SINGLE (Flyball, 9S)
Leonard O'Connor to second
Runner from 2nd tries for 3rd, OUT!
Batting: RHB Ray Porch 0-0: Ball
1-0: Ball
2-0: Called Strike
2-1: Foul Ball, location: 2F
2-2: Ball
3-2: Strikes out swinging
Batting: LHB Terrence Eler 0-0: Ball
1-0: Called Strike
1-1: Ball
2-1: Called Strike
2-2: Ball
3-2: Foul Ball, location: 2F
3-2: Strikes out swinging
Top of the 4th over - 0 run(s), 1 hit(s), 0 error(s), 1 left on base; Richardson City 6 - Vancouver 0
BOTTOM OF THE 4TH
Vancouver Grey Wolves batting - Pitching for Richardson City Thundercats : LHP Javier Ramírez
Batting: RHB Luis Muńóz 0-0: Ball
1-0: Ball
2-0: Called Strike
2-1: Foul Ball, location: 2F
2-2: Foul Ball, location: 2F
2-2: Ground out 5-3 (Groundball, 56)
Batting: LHB Tony Reynolds 0-0: Ball
1-0: Called Strike
1-1: Called Strike
1-2: Foul Ball, location: 2F
1-2: Hit by Pitch
Batting: RHB Edmund Gallagher 0-0: Swinging Strike
0-1: Swinging Strike
0-2: Ball
1-2: Foul Ball, location: 2F
1-2: SINGLE (Line Drive, 6M)
Tony Reynolds to second
Batting: RHB Greg Robinson 0-0: Ball
1-0: Ball
2-0: Ball
3-0: Called Strike
3-1: Base on Balls
Tony Reynolds to third
Edmund Gallagher to second
Pinch Hitting: RHB Pedro Cruz 0-0: Ball
1-0: Ball
2-0: Called Strike
2-1: Foul Ball, location: 2F
2-2: Ball
3-2: Foul Ball, location: 2F
3-2: Foul Ball, location: 2F
3-2: Foul Ball, location: 2F
3-2: Grounds into fielders choice 1-2 (Groundball, 15S)
Edmund Gallagher to third
Greg Robinson to second
Batting: LHB David Hubbard 0-0: Foul Ball, location: 2F
0-1: Ball
1-1: Foul Ball, location: 2F
1-2: Foul Ball, location: 2F
1-2: Ball
2-2: Ball
3-2: Foul Ball, location: 2F
3-2: Base on Balls
Edmund Gallagher scores
Greg Robinson to third
Pedro Cruz to second
Batting: SHB Gregg Wagner 0-0: Foul Ball, location: 2F
0-1: DOUBLE (Line Drive, 89D)
Greg Robinson scores
Pedro Cruz scores
David Hubbard to third
Runner from 3rd tries for Home, SAFE, no throw or cutoff
Pitching: RHP Del Lamb
Batting: RHB John Huff 0-0: Called Strike
0-1: Ball
1-1: Ground out 5-3 (Groundball, 5)
Bottom of the 4th over - 4 run(s), 2 hit(s), 0 error(s), 1 left on base; Richardson City 6 - Vancouver 4
TOP OF THE 5TH
Richardson City Thundercats batting - Pitching for Vancouver Grey Wolves : RHP Nick Taylor
Pitching: RHP David Phillips
Batting: RHB Joey Jones 0-0: Foul Ball, location: 2F
0-1: Fly out, F8 (Flyball, 78XD)
Batting: RHB Ron Ward 0-0: Called Strike
0-1: Swinging Strike
0-2: Ball
1-2: Ball
2-2: Strikes out swinging
Batting: LHB Jack Schmitt 0-0: Called Strike
0-1: Ball
1-1: Ball
2-1: Foul Ball, location: 2F
2-2: Ball
3-2: Ground out U3 (Groundball, 3S)
Top of the 5th over - 0 run(s), 0 hit(s), 0 error(s), 0 left on base; Richardson City 6 - Vancouver 4
BOTTOM OF THE 5TH
Vancouver Grey Wolves batting - Pitching for Richardson City Thundercats : RHP Del Lamb
Batting: RHB Jian-zhang Phan 0-0: Ball
1-0: Called Strike
1-1: Ball
2-1: Foul Ball, location: 2F
2-2: Foul Ball, location: 2F
2-2: Ground out 6-3 (Groundball, 6)
Batting: RHB Luis Muńóz 0-0: Called Strike
0-1: Ball
1-1: Ball
2-1: Called Strike
2-2: Ball
3-2: Base on Balls
Batting: LHB Tony Reynolds 0-0: Ball
1-0: Called Strike
1-1: Ball
2-1: Foul Ball, location: 2F
2-2: Foul Ball, location: 2F
2-2: Foul Ball, location: 2F
2-2: Grounds into double play, 6-4-3 (Groundball, 6M)
Bottom of the 5th over - 0 run(s), 0 hit(s), 0 error(s), 0 left on base; Richardson City 6 - Vancouver 4
TOP OF THE 6TH
Richardson City Thundercats batting - Pitching for Vancouver Grey Wolves : RHP David Phillips
Pinch Hitting: RHB Jorge Gómez 0-0: Swinging Strike
0-1: Ball
1-1: DOUBLE (Groundball, 5L)
Batting: RHB Spencer Curry 0-0: Ground out 5-3 (Groundball, 5S)
Jorge Gómez to third
Batting: SHB Leonard O'Connor 0-0: Ground out 4-3 (Groundball, 4MD)
Jorge Gómez scores
Batting: RHB Steve Dunn 0-0: Ball
1-0: Ball
2-0: Called Strike
2-1: SINGLE (Line Drive, 56D)
Batting: RHB Ray Porch 0-0: Called Strike
0-1: Ball
1-1: Ball
2-1: Called Strike
2-2: Ball
3-2: Ground out 4-3 (Groundball, 4)
Top of the 6th over - 1 run(s), 2 hit(s), 0 error(s), 1 left on base; Richardson City 7 - Vancouver 4
BOTTOM OF THE 6TH
Vancouver Grey Wolves batting - Pitching for Richardson City Thundercats : RHP Del Lamb
Pitching: RHP Denny Marshall
Batting: RHB Edmund Gallagher 0-0: Foul Ball, location: 2F
0-1: Swinging Strike
0-2: Ball
1-2: Ball
2-2: Strikes out swinging
Batting: RHB Greg Robinson 0-0: Called Strike
0-1: Foul Ball, location: 2F
0-2: Ball
1-2: Foul Ball, location: 2F
1-2: Strikes out swinging
Pinch Hitting: RHB Dave Knight 0-0: Ball
1-0: Ball
2-0: Swinging Strike
2-1: Swinging Strike
2-2: Strikes out looking
Bottom of the 6th over - 0 run(s), 0 hit(s), 0 error(s), 0 left on base; Richardson City 7 - Vancouver 4
TOP OF THE 7TH
Richardson City Thundercats batting - Pitching for Vancouver Grey Wolves : RHP David Phillips
Pitching: LHP Kevin Henderson
Batting: LHB Terrence Eler 0-0: Called Strike
0-1: Ball
1-1: Ball
2-1: Ball
3-1: SINGLE (Line Drive, 7LS)
Batting: RHB Joey Jones 0-0: Ball
1-0: Ball
2-0: Swinging Strike
2-1: Ball
3-1: Called Strike
3-2: Foul Ball, location: 2F
3-2: Grounds out, U3 (Groundball, 3L)
Batting: RHB Ron Ward 0-0: Called Strike
0-1: Ball
1-1: Swinging Strike
1-2: Ball
2-2: Foul Ball, location: 2F
2-2: Ball
3-2: Strikes out swinging
Batting: LHB Jack Schmitt 0-0: Ball
1-0: Swinging Strike
1-1: Called Strike
1-2: Foul Ball, location: 2F
1-2: Ball
2-2: Ball
3-2: Foul Ball, location: 2F
3-2: Ground out U3 (Groundball, 3)
Top of the 7th over - 0 run(s), 1 hit(s), 0 error(s), 1 left on base; Richardson City 7 - Vancouver 4
BOTTOM OF THE 7TH
Vancouver Grey Wolves batting - Pitching for Richardson City Thundercats : RHP Denny Marshall
Batting: LHB David Hubbard 0-0: Ball
1-0: Swinging Strike
1-1: Ball
2-1: Ball
3-1: Called Strike
3-2: Ground out 3-1 (Groundball, 3)
Batting: SHB Gregg Wagner 0-0: Called Strike
0-1: Foul Ball, location: 2F
0-2: Foul Ball, location: 2F
0-2: Strikes out swinging
Batting: RHB John Huff 0-0: Foul Ball, location: 2F
0-1: Called Strike
0-2: Ball
1-2: Strikes out swinging
Bottom of the 7th over - 0 run(s), 0 hit(s), 0 error(s), 0 left on base; Richardson City 7 - Vancouver 4
TOP OF THE 8TH
Richardson City Thundercats batting - Pitching for Vancouver Grey Wolves : LHP Kevin Henderson
Pinch Hitting: SHB Eugene Parrish 0-0: Ball
1-0: Foul Ball, location: 2F
1-1: Ball
2-1: Ground out 5-3 (Groundball, 56S)
Batting: RHB Spencer Curry 0-0: Swinging Strike
0-1: Ball
1-1: Swinging Strike
1-2: Strikes out swinging
Batting: SHB Leonard O'Connor 0-0: Foul Ball, location: 2F
0-1: Foul Ball, location: 2F
0-2: Foul Ball, location: 2F
0-2: Fly out, F8 (Flyball, 8RM)
Top of the 8th over - 0 run(s), 0 hit(s), 0 error(s), 0 left on base; Richardson City 7 - Vancouver 4
BOTTOM OF THE 8TH
Vancouver Grey Wolves batting - Pitching for Richardson City Thundercats : RHP Denny Marshall
Pitching: RHP António Lucero
Batting: RHB Jian-zhang Phan 0-0: Called Strike
0-1: SINGLE (Line Drive, 7LS)
Pitching: RHP John Watson
Batting: RHB Luis Muńóz 0-0: Ball
1-0: Ball
2-0: Called Strike
2-1: Ball
3-1: SINGLE (Line Drive, 8LS)
Jian-zhang Phan to second
Batting: LHB Tony Reynolds 0-0: Foul Ball, location: 2F
0-1: Ball
1-1: Called Strike
1-2: Strikes out swinging
Batting: RHB Edmund Gallagher 0-0: Called Strike
0-1: SINGLE (Groundball, 6M)
Jian-zhang Phan to third
Luis Muńóz to second
Runner from 3rd tries for Home, SAFE, throw made home
Luis Muńóz to third
Edmund Gallagher to second
Batting: RHB Greg Robinson 0-0: SINGLE (Line Drive, 7S)
Luis Muńóz scores
Edmund Gallagher to third
Pinch Hitting: LHB Felipe López 0-0: Ball
1-0: Fly out, F9 (Flyball, 89M)
Runner from 3rd tags up, SCORES, no throw
Pitching: RHP Stanley Neal
Batting: LHB David Hubbard 0-0: Called Strike
0-1: Swinging Strike
0-2: Ball
1-2: Ball
2-2: Foul Ball, location: 2F
2-2: Strikes out swinging
Bottom of the 8th over - 3 run(s), 4 hit(s), 0 error(s), 1 left on base; Richardson City 7 - Vancouver 7
TOP OF THE 9TH
Richardson City Thundercats batting - Pitching for Vancouver Grey Wolves : LHP Kevin Henderson
Pitching: RHP Joshua Barnes
Batting: RHB Steve Dunn 0-0: Foul Ball, location: 2F
0-1: Ground out 6-3 (Groundball, 6)
Batting: RHB Ray Porch 0-0: Ball
1-0: Called Strike
1-1: Foul Ball, location: 2F
1-2: Foul Ball, location: 2F
1-2: Ball
2-2: SINGLE (Line Drive, 4MD)
Batting: LHB Terrence Eler 0-0: Ball
1-0: Ball
2-0: Ball
Wild Pitch!
Ray Porch to second
3-0: Intentional Walk
Batting: RHB Joey Jones 0-0: 3-RUN HOME RUN (Flyball, 9D), Distance : 339 ft
Pitching: RHP Grant White
Batting: RHB Ron Ward 0-0: Ball
1-0: Foul Ball, location: 2F
1-1: Foul Ball, location: 2F
1-2: Ball
2-2: Ball
3-2: SINGLE (Line Drive, 56)
Batting: LHB Jack Schmitt 0-0: Called Strike
0-1: Ball
1-1: Ball
2-1: Ball
3-1: Base on Balls
Ron Ward to second
Pinch Hitting: RHB Yong-oon Yi 0-0: Ball
1-0: Swinging Strike
1-1: Ground out 5-3 (Groundball, 5S)
Ron Ward to third
Jack Schmitt to second
Batting: RHB Spencer Curry 0-0: Ball
1-0: Ball
2-0: Ball
3-0: Called Strike
3-1: Swinging Strike
3-2: Foul Ball, location: 2F
3-2: Ground out 1-3 (Groundball, 23)
Top of the 9th over - 3 run(s), 3 hit(s), 0 error(s), 2 left on base; Richardson City 10 - Vancouver 7
BOTTOM OF THE 9TH
Vancouver Grey Wolves batting - Pitching for Richardson City Thundercats : RHP Stanley Neal
Pitching: RHP Dave Reed
Batting: SHB Gregg Wagner 0-0: Called Strike
0-1: Ball
1-1: Ball
2-1: Foul Ball, location: 2F
2-2: Ground out U3 (Groundball, 3L)
Batting: RHB John Huff 0-0: Ball
1-0: Called Strike
1-1: Foul Ball, location: 2F
1-2: Strikes out swinging
Batting: RHB Jian-zhang Phan 0-0: Ball
1-0: Called Strike
1-1: Foul Ball, location: 2F
1-2: Foul Ball, location: 2F
1-2: Ball
2-2: DOUBLE (Flyball, 78XD)
Batting: RHB Luis Muńóz 0-0: Called Strike
0-1: Foul Ball, location: 2F
0-2: Ball
1-2: Ground out 5-3 (Groundball, 56)
Bottom of the 9th over - 0 run(s), 1 hit(s), 0 error(s), 1 left on base; Richardson City 10 - Vancouver 7
This league is powered by Out of the Park Baseball, the baseball management simulation game for PC, Mac and Linux
Friday, October 23rd, 2015 - OOTP Baseball 16.9 Build 39